[Event "Chhattisgarh Masters GM 2022"]
[Site "Chhattisgarh"]
[Date "2022.09.19"]
[Round "1.2"]
[White "Kumar, Gaurav"]
[Black "Kaustuv, Kundu"]
[Result "0-1"]
[ECO "B77"]
[WhiteElo "2073"]
[BlackElo "2358"]
[Annotator "TA"]
[PlyCount "82"]
[EventDate "2022.09.19"]
[EventCountry "IND"]
[SourceTitle "playchess.com"]
[Source "ChessBase"]
[SourceQuality "1"]
[TimeControl "5400+30"]

1. e4 c5 2. Nf3 Nc6 3. d4 cxd4 4. Nxd4 g6 5. Nc3 Bg7 6. Be3 Nf6 7. Bc4 O-O 8. Bb3 d6 9. f3 Nxd4 10. Bxd4 Be6 11. Qd2 Qa5 12. O-O Rac8 {[%emt 0:02:04] CPLX 2.9 2 (Nf6-d7) (=2). B77: Sicilian Dragon: Yugoslav Attack, 9 Bc4 sidelines.} 13. Kh1 {[%emt 0:01:12] CPLX 2.9 12 (Rf1-f2) (=6)} Nd7 {[%emt 0:02:41] BESTDEEP} 14. Bxg7 {[%emt 0:01:28] CPLX 3.3 2 (f3-f4) (=5)} Kxg7 {[%emt 0:00:05] RECAPT. The position is equal.} 15. f4 {[%emt 0:01:20][%cal Bf3f4,Bf4f5][%mdl 32] [#] CPLX 3.7 20 (Rf1-e1) (=9)} Qc5 $146 {[%emt 0:12:20] CPLX 3.0 24 (Nd7-f6) (=7)} ({Predecessor:} 15... Nf6 16. Rae1 Rfd8 17. Qe2 Qh5 18. Qf2 Rc5 19. Bxe6 fxe6 20. e5 Ng4 21. Qg3 dxe5 {½-½ (29) Dubov,D (2703)-Zvjaginsev,V (2644) Sochi 2018}) 16. f5 {[%emt 0:07:08] CPLX 2.8 41 (Ra1-e1) (=15)} Bxb3 {[%emt 0:00:42] CPLX 4.0} 17. cxb3 {[%emt 0:09:56] RECAPT} Nf6 {[%emt 0:06:37] CPLX 3.4} 18. Qf4 {[%emt 0:16:03] CPLX 3.3 21 (a2-a3) (=14)} Qe5 {[%emt 0:00:44] CPLX 3.4} 19. Rad1 {[%emt 0:05:11] CPLX 3.4 31 (Qf4-f2) (=16)} Qxf4 {[%emt 0:01:41] CPLX 3.5 19 (b7-b5) (=6)} (19... b5 {is more complex.} 20. Kg1 Rc5 21. b4 Rc4) 20. Rxf4 {[%emt 0:00:09] RECAPT} Rc5 {[%emt 0:00:14] CPLX 2.3} 21. Rff1 {[%emt 0:09:03] CPLX 2.4 9 (Rd1-d4) (=14)} Rfc8 {[%emt 0:02:49] CPLX 2.3 0 (Rc5-e5) (=5)} 22. Rd4 {[%emt 0:00:39] CPLX 2.4 14 (h2-h3) (=14)} Re5 {[%emt 0:05:18] CPLX 2.5 21 (g6xf5) (=6)} 23. h3 {[%emt 0:02:16] CPLX 2.3} h5 {[%emt 0:04:47] CPLX 2.3 5 (a7-a6) (=6)} 24. g3 {[%emt 0:01:04] CPLX 2.3 59 (f5xg6) (=16)} (24. fxg6 $15 fxg6 25. Kg1) 24... Kh6 {[%emt 0:06:31] CPLX 2.3 65 (g6xf5) (=10)} (24... gxf5 $17 25. exf5 Kh6) 25. Kg2 {[%emt 0:02:33] CPLX 2.3 7 (f5xg6) (=15)} gxf5 {[%emt 0:07:24] CPLX 2.4} 26. Rxf5 {[%emt 0:02:00] RECAPT} Rxf5 {[%emt 0:01:51] RECAPT} 27. exf5 $15 {[%emt 0:31:47][%mdl 4096] Endgame KRN-KRN. RECAPT} Rc5 {[%emt 0:01:22] BESTDEEP} 28. g4 {[%emt 0:00:00] CPLX 2.0 20 (Rd4-b4) (=14)} hxg4 {[%emt 0:01:16] CPLX 2.3 16 (Kh6-g5) (=9)} 29. hxg4 {[%emt 0:00:00] RECAPT} Kg5 {[%emt 0:05:10] CPLX 2.0 16 (Rc5-e5) (=9)} 30. Kf3 {[%emt 0:00:00] CPLX 2.2 6 (Nc3-e4) (=13)} Re5 {[%emt 0:00:39] CPLX 2.2} 31. Ne2 {[%emt 0:00:00] CPLX 2.1 42 (a2-a3) (=14)} d5 {[%emt 0:04:56] Black is more active. CPLX 2.2 46 (Re5-d5) (=11)} (31... Rd5 $17 {...Rxd4 is the strong threat.} 32. Rxd5 Nxd5) 32. Nc3 {[%emt 0:00:00] CPLX 2.2} e6 {[%emt 0:03:22] RELBLUND 51 (b7-b6) (=13)} (32... b6 $15) 33. fxe6 {[%emt 0:00:00] CPLX 2.5 21 (Nc3-b5) (=14)} (33. Nb5 $5 exf5 34. gxf5 $15) 33... fxe6 {[%emt 0:00:04] RECAPT} 34. Ra4 {[%emt 0:00:00] RELBLUND 100 (Nc3-e2) (=18)} (34. Ne2 $15) 34... Re1 $17 {[%emt 0:05:06] CPLX 2.1=>BLUNDERREACT} 35. Rxa7 {[%emt 0:00:00] White does not recover from this. CPLX 2.2 149 (Kf3-f2) (=23)} (35. Kf2 $17 {was necessary.} Rh1 36. Kg2) 35... d4 $19 {[%emt 0:00:56][%cal Bd5d4,Bd4d3,Bd3d2][%mdl 32] EASY} (35... Nxg4 36. Rxb7 Ne5+ 37. Kf2 Nd3+ 38. Kf3 $15) 36. Ra5+ {[%emt 0:00:00] [#] CPLX 2.7 121 (Ra7xb7) (=27)} (36. Rxb7 $142 Re3+ 37. Kg2) 36... Kh4 $1 {[%emt 0:05:26] DEEPSTRONG=>BLUNDERREACT} ({Stronger than} 36... e5 37. Ne2 d3 38. Rxe5+ Kh4 39. Rf5 $17 (39. Re6 $2 Nxg4 40. Nf4 Rf1+ 41. Ke4 d2 $19)) 37. Ne2 {[%emt 0:00:56] CPLX 2.8 173 (Ra5-b5) (=33)} (37. Rb5 $142 Nxg4 38. Rxb7 (38. Ne4 $2 e5 $19)) 37... d3 {[%emt 0:01:34] CPLX 3.0=>BLUNDERREACT. Black is clearly winning.} 38. Nc3 {[%emt 0:00:53] CPLX 3.3 62 (Kf3-e3) (=34)} d2 {[%emt 0:02:50] DEEPSTRONG} 39. Ra8 {[%emt 0:02:48] BESTDEEP} Nd5 {[%emt 0:01:43] BESTDEEP} 40. Rh8+ {[%emt 0:00:22] CPLX 3.4 41 (Nc3-d1) (=33)} Kg5 {[%emt 0:00:05] [#] ( -> ...Nxc3). LEGAL} 41. Rd8 {[%emt 0:01:07] RELBLUND 400 (Nc3-d1) (=45)} Re3+ {[%emt 0:00:49] Weighted Error Value: White=0.60/Black=0.09 (flawless)} 0-1

[Event "Chhattisgarh Masters GM 2022"]
[Site "Chhattisgarh"]
[Date "2022.09.19"]
[Round "1.3"]
[White "Savchenko, Boris"]
[Black "Suvrajit, Saha"]
[Result "1-0"]
[ECO "A11"]
[WhiteElo "2547"]
[BlackElo "2176"]
[Annotator "TA"]
[PlyCount "95"]
[EventDate "2022.09.19"]
[EventCountry "IND"]
[SourceTitle "playchess.com"]
[Source "ChessBase"]
[SourceQuality "1"]
[TimeControl "5400+30"]

1. c4 Nf6 2. g3 c6 3. Nf3 d5 4. Bg2 dxc4 5. O-O Bf5 (5... Nbd7 $11) 6. Na3 $14 {[%emt 0:07:05] A11: English Opening: 1...c6.} b5 {[%emt 0:05:19] was the old line (6...e6).} 7. d3 (7. b3 $14) 7... cxd3 $11 8. Ne5 {[%emt 0:01:43][%csl LRc6,LRd3] Strongly threatening Nxb5. The position is equal.} Be4 9. Bxe4 Nxe4 {[%emt 0:00:04] [#]} 10. Nxd3 $146 ({Predecessor:} 10. exd3 Nf6 11. Be3 Qd5 12. d4 e6 13. Nb1 b4 14. a3 Nbd7 15. axb4 Bxb4 16. Nd3 {0-1 (41) Chernyshev,S (2134)-Mokin,N (2321) Cheliabinsk 2008}) 10... e6 11. Qc2 Bxa3 12. bxa3 O-O 13. Bb2 Qb6 (13... Qe7 $11) 14. Rac1 (14. Nf4 $16 Nd6 15. Qc3) 14... Nd6 15. Nf4 Rd8 {[%emt 0:10:42] [#]} (15... Nc4 $11 {remains equal.}) 16. Rfd1 {[%emt 0:05:19] White is more active.} ({White must play} 16. Nh5 $1 $16) 16... Ne8 17. Qe4 Nd7 $1 18. Rxc6 {[%emt 0:05:32] Threatens to win with Rxd7.} Ndf6 {[%emt 0:01:23] [#]} 19. Rxd8 {[%emt 0:00:27] Dancing on a razor blade.} Qxd8 20. Qc2 {[%emt 0:02:28] Against Qd1+} a6 21. Nd3 Nd5 22. Nc5 a5 23. Qd3 Ne7 24. Qxd8 Rxd8 25. Ra6 a4 26. Bc3 Nd5 27. Ba5 $36 {[%emt 0:00:37][%mdl 2048] White is more active.} Rc8 28. e4 Ndf6 (28... Rxc5 $2 29. exd5 f5 30. dxe6 (30. Rxe6 Nf6 $16) 30... Rc1+ 31. Kg2 $18) (28... Ne7 $1 $11 29. Bb4 Nc6) 29. Bb4 $16 {[%emt 0:00:35] White leaves nothing to chance now.} Rb8 30. f3 h5 31. Kf2 Kh7 (31... g5 $16 32. Rc6 g4) 32. Ra7 Kg8 33. h4 Nd6 (33... Rc8 $16 {was called for.} 34. Ra6 Rd8) 34. Na6 Nc8 (34... Rd8 $16 {keeps fighting.}) 35. Rxf7 $18 ({Resist} 35. Nxb8 $6 Nxa7 36. Ke3 Nh7 $18) 35... Kxf7 36. Nxb8 {[%emt 0:00:07][%mdl 4096] Endgame KBN-KNN} Nb6 37. Nc6 Ne8 38. Nd4 Nc7 39. Ba5 Nba8 40. Ke3 e5 41. Nc6 Ke6 42. Bc3 Nb6 43. Nxe5 Nbd5+ 44. exd5+ Nxd5+ 45. Kd3 Nxc3 46. Kxc3 Kxe5 47. Kd3 (47. Kb4 $142 Kd4 48. Kxb5 Ke3 49. Kxa4 Kxf3 50. Kb5 Kxg3 51. a4 g5 52. hxg5) 47... Kd5 48. g4 {[%emt 0:00:00] Weighted Error Value: White=0.15 (very precise) /Black=0.48} 1-0

[Event "Chhattisgarh Masters GM 2022"]
[Site "Chhattisgarh"]
[Date "2022.09.19"]
[Round "1.3"]
[White "Neelash Saha"]
[Black "Harshal, Shahi"]
[Result "1-0"]
[ECO "E11"]
[WhiteElo "2454"]
[BlackElo "2136"]
[Annotator "TA"]
[PlyCount "69"]
[EventDate "2022.09.19"]
[EventCountry "IND"]
[SourceTitle "playchess.com"]
[Source "ChessBase"]
[SourceQuality "1"]
[TimeControl "5400+30"]

1. d4 Nf6 2. c4 e6 3. g3 d5 4. Nf3 Bb4+ 5. Bd2 Be7 6. Bg2 O-O 7. O-O c6 8. Qc2 b6 9. Rd1 {[%emt 0:00:52] BESTDEEP 9.Rd1 is better than 9.Bf4. E11: Bogo-Indian.} Bb7 10. a4 {[%emt 0:02:15][%cal Ba2a4,Ba4a5][%mdl 32] CPLX 2.3 13 (Nb1-c3) (=7)} (10. Nc3 {is interesting.} dxc4 11. Ne5 Qxd4 12. Bf4) 10... Nbd7 {[%emt 0:04:13] CPLX 2.3 10 (a7-a5) (=3)} 11. a5 {[%emt 0:06:11] [#] Black must now prevent a6. CPLX 2.3. The position is equal.} Ba6 $146 {[%emt 0:07:19] CPLX 2.5 12 (Qd8-c8) (=6)} ({Predecessor:} 11... Qc8 12. cxd5 cxd5 13. Nc3 bxa5 14. Rxa5 Ne4 15. Bf4 Bb4 16. Raa1 Qc6 17. Rdc1 Rfc8 {½-½ (75) Stone,G (2338)-Smith,C (2314) ICCF email 2018}) 12. b3 {[%emt 0:01:45] BESTDEEP} Ne4 {[%emt 0:01:26] CPLX 2.5 11 (Qd8-c8) (=7)} 13. Be1 {[%emt 0:00:33] BESTDEEP} f5 {[%emt 0:28:11] CPLX 2.6 5 (Qd8-c8) (=6)} 14. e3 {[%emt 0:00:09] CPLX 2.8 16 (Nb1-c3) (=5)} Bd6 {[%emt 0:06:01] CPLX 2.8 41 (b6-b5) (=11)} 15. Bf1 {[%emt 0:03:26] BESTDEEP} b5 {[%emt 0:17:36] CPLX 2.9} 16. cxd5 {[%emt 0:13:51] BESTDEEP} cxd5 {[%emt 0:10:32] RECAPT} 17. Qc6 {[%emt 0:00:23][%csl LRa6,LRb5] EASY} Qc8 {[%emt 0:12:22] EASY} 18. Bxb5 {[%emt 0:01:20] CPLX 3.5 56 (Rd1-c1) (=9)} (18. Rc1 $14) 18... Bxb5 $11 {[%emt 0:03:40] RECAPT} 19. Qxb5 {[%emt 0:00:07] RECAPT} Rb8 {[%emt 0:00:13] CPLX 2.9} 20. Qd3 {[%emt 0:03:48] CPLX 3.3 0 (Qb5-f1) (=7)} Qb7 {[%emt 0:00:27] CPLX 2.8 9 (g7-g5) (=7)} 21. Nfd2 {[%emt 0:00:40] CPLX 2.9 9 (Nb1-c3) (=7)} Ndf6 {[%emt 0:00:30] CPLX 3.0 6 (Rf8-c8) (=7)} 22. f3 {[%emt 0:01:06] CPLX 3.0} Nxd2 {[%emt 0:00:44] CPLX 3.0} 23. Nxd2 {[%emt 0:00:04] RECAPT} Bb4 {[%emt 0:00:14] CPLX 2.3 15 (g7-g5) (=7)} 24. Nf1 {[%emt 0:01:06] BESTDEEP} Bxe1 {[%emt 0:00:29] CPLX 2.5 16 (Bb4-e7) (=7)} 25. Rxe1 {[%emt 0:00:04] RECAPT} Qxb3 {[%emt 0:00:50] CPLX 2.2 59 (Qb7-b5) (=10)} (25... Qb5 $14 26. Qxb5 Rxb5) 26. Qa6 $16 {[%emt 0:00:05][%csl LRa7,LRe6] EASY} Rfe8 {[%emt 0:00:36] CPLX 2.6 13 (Rf8-f7) (=10)} 27. Qxa7 {[%emt 0:00:32] EASY} Rb7 {[%emt 0:00:34] CPLX 3.0 29 (Qb3-c4) (=11)} 28. Qc5 {[%emt 0:01:17] CPLX 2.7} Ra8 $2 {[%emt 0:00:32] A mistake that costs the game. CPLX 2.6 160 (Nf6-d7) (=18)} (28... Nd7 $16 {might work better.} 29. Qd6 Qb4 30. Qxb4 Rxb4) 29. a6 $18 {[%emt 0:02:21] CPLX 2.6} Rb6 {[%emt 0:00:29] CPLX 3.1 0 (Rb7-a7) (=18)} 30. a7 {[%emt 0:00:40] [#] Nd2 is the strong threat. CPLX 3.0 89 (Nf1-d2) (=8)} Kf7 $2 {[%emt 0:01:03] CPLX 3.3 281 (Rb6-b7) (=29)} (30... Rb7 31. Ra6 Qc4) 31. Nd2 {[%emt 0:01:44] CPLX 4.4. White is clearly winning.} Qb4 {[%emt 0:00:00] EVAL 400 (Qb3-b5) (=44)} (31... Qb5 $142 32. Qc7+ Nd7) 32. Qc7+ {[%emt 0:00:10] EVAL} Kg6 {[%emt 0:00:24] EVAL} 33. Rab1 {[%emt 0:00:13] EVAL} Qxd2 {[%emt 0:00:22] BEVAL 362 (Qb4-a5) (=55)} 34. Qxb6 {[%emt 0:00:05] BEVAL} Rc8 {[%emt 0:00:39] BEVAL} 35. Rbd1 {[%emt 0:01:38] Weighted Error Value: White=0.10 (very precise) /Black=0.38} (35. Qxe6 {gets mated.} Rc2) 1-0

[Event "Chhattisgarh Masters GM 2022"]
[Site "Chhattisgarh"]
[Date "2022.09.19"]
[Round "1.3"]
[White "Ratnakaran, K.."]
[Black "Franco Valencia, Angela"]
[Result "0-1"]
[ECO "C77"]
[WhiteElo "2352"]
[BlackElo "2066"]
[Annotator "TA"]
[PlyCount "96"]
[EventDate "2022.09.19"]
[EventCountry "IND"]
[SourceTitle "playchess.com"]
[Source "ChessBase"]
[SourceQuality "1"]
[TimeControl "5400+30"]

1. e4 e5 2. Nf3 Nc6 3. Bb5 a6 4. Ba4 Nf6 5. Qe2 Bc5 6. c3 b5 {[%emt 0:00:46] CPLX 2.2 6...0-0 deserves study.} 7. Bc2 {[%emt 0:00:12][%cal Of3e5] BESTDEEP. C77: Ruy Lopez: 3...a6 4 Ba4 Nf6, unusual lines.} d6 {[%emt 0:01:27] CPLX 2.0 28 (0-0) (=14)} 8. h3 {[%emt 0:00:22] CPLX 2.0 22 (0-0) (=11)} h6 {[%emt 0:05:12] CPLX 2.1 6 (0-0) (=11)} 9. O-O {[%emt 0:01:04] [#] BESTDEEP. The position is equal.} g5 $146 {[%emt 0:02:11] CPLX 2.4 24 (Bc5-a7) (=15)} ({Predecessor:} 9... Bd7 10. Re1 O-O 11. d3 Nh7 12. Nbd2 Ng5 {½-½ (12) Dvorsky,J (1994)-Meszaros,L (1950) Slovakia 2018}) 10. a4 {[%emt 0:00:18] BESTDEEP} g4 {[%emt 0:05:16] BESTDEEP} 11. hxg4 {[%emt 0:00:04] EASY} Rb8 {[%emt 0:02:13] RELBLUND 81 (Bc8xg4) (=23)} ({Black should try} 11... Bxg4 $14 12. b4 (12. axb5 axb5 13. Rxa8 Qxa8 $11) 12... Bxb4) 12. axb5 {[%emt 0:00:10] CPLX 2.9 13 (d2-d4) (=6)} axb5 {[%emt 0:00:05] RECAPT} 13. d4 {[%emt 0:09:00] CPLX 2.9} exd4 {[%emt 0:03:24] [#] EASY} 14. b4 {[%emt 0:00:08] MISSDEEP-e4-e5 99 (e4-e5) (=17)} ({White should play} 14. e5 $1 $16 Nxg4 15. b4) 14... Bb6 {[%emt 0:01:14] CPLX 3.1 13 (Bc8xg4) (=17)} 15. e5 {[%emt 0:11:11] BESTDEEP} dxe5 {[%emt 0:14:59] CPLX 3.4} 16. Bd3 {[%emt 0:05:34] CPLX 3.1 0 (Nf3xe5) (=13)} Nxg4 {[%emt 0:13:19] CPLX 3.2 43 (0-0) (=18)} 17. Bxb5 {[%emt 0:01:32] Threatens to win with Nxe5. EASY} Bd7 {[%emt 0:02:00] CPLX 3.6 67 (Qd8-f6) (=22)} (17... Qf6 $142) 18. Bxc6 $16 {[%emt 0:03:48] CPLX 3.3} Bxc6 {[%emt 0:00:10] RECAPT} 19. Nxd4 {[%emt 0:00:07][%mdl 8192] [#] White does not recover from this. RELBLUND 320 (Nf3xe5) (=35)} (19. Nxe5 $16 {is necessary to keep the advantage.} Qe7 20. Qxg4 Qxe5 21. Bf4) 19... Qh4 $1 $19 {[%emt 0:06:35][%csl Gg4][%cal Rh4h2] EASY} 20. Bf4 {[%emt 0:00:11] Prevents Qh2+. EASY} Bxd4 {[%emt 0:04:12] EASY} 21. cxd4 {[%emt 0:00:21] RECAPT} Bb5 {[%emt 0:01:20] EASY} (21... Rxb4 22. Bg3 Qg5 23. Qc2 $14) 22. Qe4 {[%emt 0:01:03] CPLX 5.5 20 (Qe2-e1) (=30)} Bxf1 $40 {[%emt 0:02:32][%mdl 128] Black goes for the king. Really sharp! EASY} 23. Bg3 {[%emt 0:00:26] [#] EASY} Bxg2 $1 {[%emt 0:04:45] CPLX 5.8 63 (Qh4-g5) (=18)} 24. Kxg2 {[%emt 0:01:57] RECAPT} Qg5 {[%emt 0:00:52] ...h5 is the strong threat. EASY} 25. Qc6+ {[%emt 0:10:01] CPLX 4.5 16 (Nb1-c3) (=26)} Kf8 {[%emt 0:00:41] EASY} 26. Qxc7 $2 {[%emt 0:02:00] [#] CPLX 4.9 225 (Nb1-c3) (=36)} (26. Nc3) 26... Kg7 $1 {[%emt 0:00:42] DEEPSTRONG=>BLUNDERREACT} 27. Ra7 {[%emt 0:00:42][%csl Ga7][%cal Rc7f7] CPLX 4.6 0 (Qc7-c3) (=34)} Qf5 {[%emt 0:02:36] CPLX 5.7 133 (Qg5-g6) (=21)} 28. Nd2 {[%emt 0:02:42] Prevents Qe4+. CPLX 5.9 89 (Bg3xe5) (=37)} Rhc8 {[%emt 0:02:16] BESTDEEP} ({Avoid the trap} 28... Rxb4 $2 29. dxe5 Rd4 30. e6 Ne3+ 31. Kg1 Rxd2 32. Qxf7+ Qxf7 33. Rxf7+ Kg6 34. fxe3) 29. Qd6 {[%emt 0:04:35] CPLX 5.6 47 (Qc7-d7) (=37)} Rd8 {[%emt 0:00:45] EASY} 30. Qe7 {[%emt 0:03:00] BESTDEEP} Re8 {[%emt 0:00:31] BESTDEEP} 31. Qc7 {[%emt 0:02:58] CPLX 5.8 30 (Qe7-c5) (=35)} Rbc8 {[%emt 0:00:32] BESTDEEP} 32. Qd6 {[%emt 0:00:24] MISS-Qc7-d7 400 (Qc7-d7) (=49)} (32. Qd7 $142 Qg6 33. Rc7) 32... e4 $2 {[%emt 0:01:24] CPLX 5.6 400 (Re8-d8) (=32)} (32... Red8 33. Qa6 Rxd4) 33. Ra5 {[%emt 0:01:30] CPLX 5.6=>BLUNDERREACT} Qg6 {[%emt 0:01:47] CPLX 5.5} 34. Qxg6+ {[%emt 0:01:38] EASY} Kxg6 {[%emt 0:00:16] RECAPT} (34... fxg6 $2 {too greedy.} 35. Ra7+ Kf8 36. b5 $17) 35. Rc5 {[%emt 0:02:03] Against Rc2. CPLX 2.7 6 (Ra5-a2) (=44)} e3 {[%emt 0:01:50] CPLX 2.9} 36. Nf3 {[%emt 0:02:51] CPLX 3.4 138 (f2xe3) (=48)} (36. fxe3 $142 Nxe3+ 37. Kf2) 36... exf2 {[%emt 0:02:31] Hoping for ...Rxc5. CPLX 3.1 115 (Rc8xc5) (=31)} 37. b5 $2 {[%emt 0:12:08] MISSDEEP-Nf3-e5 362 (Nf3-e5) (=58)} (37. Ne5+ Nxe5 38. Bxe5) 37... Ra8 {[%emt 0:05:05] CPLX 3.9 153 (Rc8xc5) (=35). Black is clearly winning.} 38. Ne5+ {[%emt 0:16:03] BESTDEEP} Nxe5 {[%emt 0:00:28] EASY} 39. Bxe5 {[%emt 0:01:00][%mdl 4096] Endgame KRR-KRB. RECAPT} Ra2 {[%emt 0:01:48] DEEPSTRONG} 40. b6 {[%emt 0:00:49] CPLX 3.8} Rb2 {[%emt 0:01:09] EASY} 41. b7 {[%emt 0:00:17] BESTDEEP} f1=Q+ {[%emt 0:01:37] CPLX 4.7 18 (f2-f1N) (=32)} 42. Kxf1 {[%emt 0:00:06] EASY} Rxb7 {[%emt 0:00:14] CPLX 3.9} 43. Ke2 {[%emt 0:00:10] CPLX 2.5 0 (Kf1-f2) (=48)} Rb3 {[%emt 0:00:46] CPLX 2.6 0 (Kg6-g5) (=30)} ({Don't blunder} 43... f6 $2 44. Rc6 $19) 44. Kd2 {[%emt 0:00:13] CPLX 2.9 198 (Ke2-f2) (=52)} Re6 {[%emt 0:00:50] Inhibits Rc6. BESTDEEP} 45. Ra5 {[%emt 0:00:37] CPLX 2.6 348 (Rc5-c8) (=60)} f6 46. Bc7 Rc6 47. Ra7 Rcc3 {[%emt 0:00:00] Strongly threatening ...Rc4.} 48. d5 Rh3 {[%emt 0:00:00] Weighted Error Value: White=0.69/Black=0.51} 0-1

[Event "Chhattisgarh Masters GM 2022"]
[Site "Chhattisgarh"]
[Date "2022.09.19"]
[Round "1.4"]
[White "Aswath S"]
[Black "Deepan Chakkravarthy J."]
[Result "0-1"]
[ECO "B17"]
[WhiteElo "2135"]
[BlackElo "2439"]
[Annotator "TA"]
[PlyCount "100"]
[EventDate "2022.09.19"]
[EventCountry "IND"]
[SourceTitle "playchess.com"]
[Source "ChessBase"]
[SourceQuality "1"]
[TimeControl "5400+30"]

1. e4 c6 2. d4 d5 3. Nc3 dxe4 4. Nxe4 Nd7 5. Nf3 Ngf6 6. Nxf6+ Nxf6 7. Bc4 Bf5 8. O-O e6 9. Re1 Be7 10. Qe2 {[%emt 0:05:04] CPLX 2.2 5 (c2-c3) (=5). B17: Caro-Kann: Modern Line (4...Nd7).} O-O 11. Bg5 {[%emt 0:01:20] CPLX 2.2} h6 {[%emt 0:00:07] CPLX 2.4} 12. Bh4 {[%emt 0:01:26] [#] BESTDEEP. The position is equal.} Qc7 $146 ({Predecessor:} 12... Qb6 13. c3 Rad8 14. Rad1 c5 15. Bb3 Rfe8 16. d5 exd5 17. Ba4 Bd7 18. Bxd7 Rxd7 {0-1 (29) Nyrhinen,H-Sjoman,T Finland 2000}) 13. c3 {[%emt 0:03:37] BESTDEEP} b5 {[%emt 0:01:05][%cal Bb7b5,Bb5b4][%mdl 32] CPLX 2.7} 14. Bb3 {[%emt 0:02:34] CPLX 2.9 9 (Bc4-d3) (=3)} a5 {[%emt 0:00:14] BESTDEEP} 15. a4 {[%emt 0:01:47] BESTDEEP} Qb7 {[%emt 0:02:11] CPLX 2.9 44 (b5-b4) (=6)} 16. Ne5 {[%emt 0:01:37] BESTDEEP} b4 {[%emt 0:11:04] CPLX 3.1} 17. Bc4 {[%emt 0:10:55] CPLX 3.0 44 (c3-c4) (=7)} g5 {[%emt 0:18:48] CPLX 3.0 43 (Nf6-d5) (=10)} 18. Bg3 {[%emt 0:01:39] EASY} c5 {[%emt 0:00:07] CPLX 2.7 23 (b4xc3) (=11)} 19. dxc5 {[%emt 0:05:05] CPLX 3.2 11 (c3xb4) (=7)} Bxc5 {[%emt 0:01:03] RECAPT} 20. Nd3 {[%emt 0:07:09] CPLX 3.7 23 (Bc4-d3) (=8)} Be7 {[%emt 0:00:54] BESTDEEP} 21. cxb4 {[%emt 0:01:37] CPLX 3.0} Rac8 {[%emt 0:09:22] DEEPSTRONG} 22. Bb5 {[%emt 0:07:10] CPLX 3.5 9 (b2-b3) (=8)} axb4 {[%emt 0:00:58] BESTDEEP} 23. Be5 {[%emt 0:13:17] CPLX 3.2 0 (Re1-c1) (=7)} b3 {[%emt 0:02:13] BESTDEEP} 24. Rec1 {[%emt 0:08:36][%cal Od3c5] Against Rc2. CPLX 4.0 0 (Ra1-c1) (=7)} Rfd8 {[%emt 0:01:03] BESTDEEP} 25. Rxc8 {[%emt 0:02:06] CPLX 4.3} Rxc8 {[%emt 0:04:14] RECAPT} 26. Rc1 {[%emt 0:01:27] Against Rc2. CPLX 3.6 0 (Nd3-e1) (=6)} Rxc1+ {[%emt 0:00:13] CPLX 3.9} 27. Nxc1 {[%emt 0:00:08] RECAPT} Be4 $1 {[%emt 0:00:06] CPLX 3.2} 28. f3 {[%emt 0:02:24] CPLX 3.3 0 (Nc1xb3) (=5)} Qb6+ {[%emt 0:06:37] CPLX 4.4} 29. Kf1 $132 {[%emt 0:00:33][%mdl 2048] White is fighting back. CPLX 3.9 9 (Kg1-h1) (=6)} Bc2 {[%emt 0:09:36] CPLX 3.6} 30. Bc4 {[%emt 0:05:59] CPLX 3.3 5 (Qe2-d2) (=5)} Nd5 {[%emt 0:02:49] CPLX 3.1} 31. Bxd5 {[%emt 0:02:26] EASY} exd5 {[%emt 0:00:02][%cal Be6d5,Bd5d4,Bd4d3][%mdl 32] RECAPT} 32. Bc3 {[%emt 0:02:17] CPLX 3.0 17 (Qe2-d2) (=6)} d4 {[%emt 0:00:17] CPLX 3.2} 33. Bd2 {[%emt 0:01:49] BESTDEEP} Bf6 {[%emt 0:00:10][%cal Od4d3] CPLX 2.5 24 (Be7-a3) (=5)} (33... Ba3 {is more complex.} 34. Qe8+ Kg7 35. Qe5+ Qf6) 34. a5 {[%emt 0:00:49] [#] CPLX 2.4 56 (Qe2-c4) (=8)} (34. Qc4 $15) 34... Qc6 $1 $17 {[%emt 0:00:45] Black is more active. DEEPSTRONG} 35. Nd3 $2 {[%emt 0:01:14][%mdl 8192] Loses the game. CPLX 2.4 284 (h2-h4) (=18)} (35. h4 $17) 35... Qb5 $19 {[%emt 0:03:10] CPLX 2.3=>BLUNDERREACT} 36. Nb4 {[%emt 0:00:53] CPLX 2.5} d3 {[%emt 0:02:08] EASY} 37. Qe4 {[%emt 0:00:02] CPLX 3.2 100 (Qe2-e3) (=20)} Qxa5 {[%emt 0:00:05] CPLX 3.6 232 (Bf6xb2) (=13)} (37... Bxb2 $142 {Strongly threatening ...Bg7.} 38. Nd5 Bg7 39. Ne7+ Kf8) 38. Nd5 {[%emt 0:01:18] DEEPSTRONG=>BLUNDERREACT} Qa1+ {[%emt 0:02:59] EASY} ({Worse is} 38... Qxd2 39. Nxf6+ Kg7 40. Nh5+ Kf8 41. Qa8+ Ke7 42. Qe4+ Kd6 43. Qd4+ Kc7 44. Qe5+ (44. Ng3 Kc8 $11) 44... Kc6 45. Qe4+ Kd6 46. Qd4+ Kc7 47. Ng3 $11) 39. Kf2 {[%emt 0:00:10] CPLX 4.9} Qxb2 {[%emt 0:01:02] ...Qd4+ is the strong threat. BESTDEEP} ({Stronger than} 39... Bxb2 40. Qe8+ Kg7 41. Ne7 $17) 40. Bc1 $2 {[%emt 0:00:52] RELBLUND 400 (Qe4-e8) (=31)} (40. Qe8+ Kg7 41. Ne7 Qd4+ 42. Be3 Qh4+ 43. Kf1 Bxe7 44. Qxe7) 40... Qd4+ {[%emt 0:03:38] CPLX 4.2 400 (Bf6-d4) (=24)} (40... Bd4+ $142 41. Be3 Bb1+ 42. Kg3 Be5+ 43. Kh3 d2 44. Ne7+ Kf8) 41. Be3 {[%emt 0:00:03] CPLX 4.0 0 (Qe4xd4) (=30)} Qe5 {[%emt 0:00:00] CPLX 4.6} 42. Nxf6+ {[%emt 0:00:00] MISSDEEP-f3-f4 400 (f3-f4) (=42)} Qxf6 {[%emt 0:00:00][%mdl 4096] Endgame KQB-KQB. RECAPT} 43. Bd4 {[%emt 0:00:00] [#] CPLX 4.0 351 (Qe4-e8) (=51)} Qd8 $1 {[%emt 0:00:00] Hoping for ...d2. DEEPSTRONG} 44. Qe5 {[%emt 0:00:00] EASY} f6 $1 {[%emt 0:00:00] EASY} 45. Qe6+ {[%emt 0:00:00] CPLX 3.4 400 (Qe5-e3) (=59)} Kg7 {[%emt 0:00:00] EASY} 46. Bb6 {[%emt 0:00:00] CPLX 3.9 93 (Kf2-e3) (=60)} Qg8 47. Qd6 Qf8 48. Qd4 Qe7 {[%emt 0:00:00] ( -> ...Qe2+)} 49. f4 Qe2+ 50. Kg3 Qe1+ {[%emt 0:00:00] Weighted Error Value: White=0.64/Black=0.29 (precise)} 0-1